SA
SYRACUSE STORM @ MT. VERNON BULLS
06/23/2026
 
TOP OF THE 1ST
Syracuse Storm batting - Pitching for Mt. Vernon Bulls : LHP Stephen Marchbanks
Pitching: LHP Stephen Marchbanks
Batting: LHB William Duffy 0-0: Ball
1-0: Ball
2-0: Called Strike
2-1: Ball
3-1: Ground out 1-3 (Groundball, 15)
Batting: RHB Phil Sherman 0-0: Called Strike
0-1: Ball
1-1: Ball
2-1: Ball
3-1: Base on Balls
Batting: RHB Vito Middendorf 0-0: Foul Ball, location: 2F
0-1: Ball
1-1: Called Strike
1-2: Ball
2-2: SINGLE (Line Drive, 89S)
Phil Sherman to second
Batting: LHB José Trejo 0-0: SINGLE (Line Drive, 9LS)
Phil Sherman to third
Vito Middendorf to second
Runner from 3rd tries for Home, SAFE, throw made home
Batting: LHB Phil MacNamara 0-0: Ball
1-0: Ball
2-0: Called Strike
2-1: Foul Ball, location: 2F
2-2: Strikes out swinging
Batting: RHB Jerry Bowen 0-0: Called Strike
0-1: Ball
1-1: Ball
2-1: Ground out 5-3 (Groundball, 56S)
Top of the 1st over - 1 run(s), 2 hit(s), 0 error(s), 2 left on base; Syracuse 1 - Mt. Vernon 0
BOTTOM OF THE 1ST
Mt. Vernon Bulls batting - Pitching for Syracuse Storm : RHP Morihiro Sai
Pitching: RHP Morihiro Sai
Batting: RHB Beau Emery 0-0: Called Strike
0-1: Called Strike
0-2: Foul Ball, location: 2F
0-2: Ball
1-2: Ball
2-2: Foul Ball, location: 2F
2-2: Ball
3-2: DOUBLE (Line Drive, 7LM)
Batting: RHB Noël Sassetti 0-0: Ball
1-0: Ball
2-0: Ball
3-0: Called Strike
3-1: SINGLE (Groundball, 6) (infield hit)
Beau Emery to third
Batting: LHB Lee Hart 0-0: Swinging Strike
0-1: Called Strike
0-2: Fly out, F6 (Line Drive, 6)
Batting: RHB Abraham Phelps 0-0: Called Strike
0-1: Ball
1-1: Ball
2-1: Foul Ball, location: 2F
2-2: Strikes out swinging
Batting: SHB Esteban Borsellino 0-0: Ball
1-0: Foul Ball, location: 2F
1-1: Ball
2-1: Fly out, F7 (Flyball, 7LMF)
Bottom of the 1st over - 0 run(s), 2 hit(s), 0 error(s), 2 left on base; Syracuse 1 - Mt. Vernon 0
TOP OF THE 2ND
Syracuse Storm batting - Pitching for Mt. Vernon Bulls : LHP Stephen Marchbanks
Batting: RHB Eduardo Santos 0-0: Fly out, F9 (Flyball, 9D)
Batting: LHB Ricardo Ríos 0-0: Swinging Strike
0-1: Fly out, F9 (Flyball, 89S)
Batting: RHB Tyrell Wellick 0-0: Ball
1-0: Ball
2-0: Called Strike
2-1: Ball
3-1: Base on Balls
Batting: LHB William Duffy 0-0: Called Strike
0-1: Ball
1-1: Fly out, F7 (Flyball, 7S)
Top of the 2nd over - 0 run(s), 0 hit(s), 0 error(s), 1 left on base; Syracuse 1 - Mt. Vernon 0
BOTTOM OF THE 2ND
Mt. Vernon Bulls batting - Pitching for Syracuse Storm : RHP Morihiro Sai
Batting: SHB Marvin Fitton 0-0: Ball
1-0: Ground out 4-3 (Groundball, 4)
Batting: RHB Freddy Torres 0-0: Ball
1-0: Called Strike
1-1: Fly out, F4 (Popup, 4D)
Batting: RHB Ken Gardner 0-0: Ball
1-0: Swinging Strike
1-1: Ball
2-1: Fly out, F9 (Flyball, 9S)
Bottom of the 2nd over - 0 run(s), 0 hit(s), 0 error(s), 0 left on base; Syracuse 1 - Mt. Vernon 0
TOP OF THE 3RD
Syracuse Storm batting - Pitching for Mt. Vernon Bulls : LHP Stephen Marchbanks
Batting: RHB Phil Sherman 0-0: Fly out, F9 (Flyball, 9S)
Batting: RHB Vito Middendorf 0-0: DOUBLE (Line Drive, 7)
Batting: LHB José Trejo 0-0: Ball
1-0: Called Strike
1-1: Ball
2-1: Ground out 4-3 (Groundball, 4)
Vito Middendorf to third
Batting: LHB Phil MacNamara 0-0: Called Strike
0-1: Ball
1-1: Foul Ball, location: 2F
1-2: SINGLE (Flyball, 8LS)
Vito Middendorf scores
Batting: RHB Jerry Bowen 0-0: SINGLE (Line Drive, 8RS)
Phil MacNamara to second
Runner from 2nd tries for 3rd, SAFE, throw made to third
Batting: RHB Eduardo Santos 0-0: Fielders Choice at 2nd, 5-4 (Groundball, 5)
Top of the 3rd over - 1 run(s), 3 hit(s), 0 error(s), 1 left on base; Syracuse 2 - Mt. Vernon 0
BOTTOM OF THE 3RD
Mt. Vernon Bulls batting - Pitching for Syracuse Storm : RHP Morihiro Sai
Batting: RHB António López 0-0: Swinging Strike
0-1: Called Strike
0-2: Ball
1-2: Strikes out swinging
Batting: RHB Beau Emery 0-0: Ball
1-0: Foul Ball, location: 2F
1-1: Foul Ball, location: 2F
1-2: Fly out, F9 (Flyball, 9)
Batting: RHB Noël Sassetti 0-0: Called Strike
0-1: Foul Ball, location: 2F
0-2: Ball
1-2: Ball
2-2: Ground out 5-3 (Groundball, 5L)
Bottom of the 3rd over - 0 run(s), 0 hit(s), 0 error(s), 0 left on base; Syracuse 2 - Mt. Vernon 0
TOP OF THE 4TH
Syracuse Storm batting - Pitching for Mt. Vernon Bulls : LHP Stephen Marchbanks
Batting: LHB Ricardo Ríos 0-0: Ball
1-0: Ball
2-0: Fly out, F9 (Flyball, 9)
Batting: RHB Tyrell Wellick 0-0: Ball
1-0: Foul Ball, location: 2F
1-1: Foul Ball, location: 2F
1-2: DOUBLE (Flyball, 7)
Batting: LHB William Duffy 0-0: Ball
1-0: DOUBLE (Line Drive, 7LM)
Tyrell Wellick scores
Batting: RHB Phil Sherman 0-0: Swinging Strike
0-1: Swinging Strike
0-2: Ball
1-2: Ball
2-2: Strikes out swinging
Batting: RHB Vito Middendorf 0-0: Called Strike
0-1: Swinging Strike
0-2: Foul Ball, location: 2F
0-2: Foul Ball, location: 2F
0-2: Ball
1-2: Fly out, F4 (Popup, 4D)
Top of the 4th over - 1 run(s), 2 hit(s), 0 error(s), 1 left on base; Syracuse 3 - Mt. Vernon 0
BOTTOM OF THE 4TH
Mt. Vernon Bulls batting - Pitching for Syracuse Storm : RHP Morihiro Sai
Batting: LHB Lee Hart 0-0: Foul Ball, location: 2F
0-1: Ball
1-1: Called Strike
1-2: Ball
2-2: Strikes out swinging
Batting: RHB Abraham Phelps 0-0: Ball
1-0: Swinging Strike
1-1: Ball
2-1: Swinging Strike
2-2: Ball
3-2: Base on Balls
Batting: SHB Esteban Borsellino 0-0: Foul Ball, location: 2F
0-1: Ball
1-1: Called Strike
1-2: Strikes out swinging
Batting: SHB Marvin Fitton 0-0: Called Strike
0-1: Ball
1-1: Ball
2-1: Swinging Strike
2-2: Ball
3-2: Base on Balls
Abraham Phelps to second
Batting: RHB Freddy Torres 0-0: Ball
1-0: Foul Ball, location: 2F
1-1: Foul Ball, location: 2F
1-2: Strikes out looking
Bottom of the 4th over - 0 run(s), 0 hit(s), 0 error(s), 2 left on base; Syracuse 3 - Mt. Vernon 0
TOP OF THE 5TH
Syracuse Storm batting - Pitching for Mt. Vernon Bulls : LHP Stephen Marchbanks
Batting: LHB José Trejo 0-0: Called Strike
0-1: Foul Ball, location: 2F
0-2: Ground out 6-3 (Groundball, 6)
Batting: LHB Phil MacNamara 0-0: Ground out 6-3 (Groundball, 6M)
Batting: RHB Jerry Bowen 0-0: Foul Ball, location: 2F
0-1: Called Strike
0-2: Fly out, F9 (Flyball, 9S)
Top of the 5th over - 0 run(s), 0 hit(s), 0 error(s), 0 left on base; Syracuse 3 - Mt. Vernon 0
BOTTOM OF THE 5TH
Mt. Vernon Bulls batting - Pitching for Syracuse Storm : RHP Morihiro Sai
Batting: RHB Ken Gardner 0-0: Swinging Strike
0-1: Foul Ball, location: 2F
0-2: Ball
1-2: Strikes out swinging
Batting: RHB António López 0-0: SINGLE (Line Drive, 7LM)
Batting: RHB Beau Emery 0-0: Ball
1-0: Ball
2-0: Ball
3-0: Called Strike
3-1: Foul Ball, location: 2F
3-2: Base on Balls
António López to second
Batting: RHB Noël Sassetti 0-0: Called Strike
0-1: Foul Ball, location: 2F
0-2: Grounds into double play, U5-3 (Groundball, 5L)
Bottom of the 5th over - 0 run(s), 1 hit(s), 0 error(s), 1 left on base; Syracuse 3 - Mt. Vernon 0
TOP OF THE 6TH
Syracuse Storm batting - Pitching for Mt. Vernon Bulls : LHP Stephen Marchbanks
Batting: RHB Eduardo Santos 0-0: Ball
1-0: Called Strike
1-1: Ball
2-1: Foul Ball, location: 2F
2-2: Ball
3-2: Foul Ball, location: 2F
3-2: Foul Ball, location: 2F
3-2: SINGLE (Line Drive, 6MD)
Batting: LHB Ricardo Ríos 0-0: Called Strike
0-1: Sac Bunt - play at first, batter OUT! 1-3
Eduardo Santos to second
Batting: RHB Tyrell Wellick 0-0: Intentional Walk
Batting: LHB William Duffy 0-0: Ground out U3 (Groundball, 34S)
Eduardo Santos to third
Tyrell Wellick to second
Batting: RHB Phil Sherman 0-0: Ground out 5-3 (Groundball, 5)
Top of the 6th over - 0 run(s), 1 hit(s), 0 error(s), 2 left on base; Syracuse 3 - Mt. Vernon 0
BOTTOM OF THE 6TH
Mt. Vernon Bulls batting - Pitching for Syracuse Storm : RHP Morihiro Sai
Batting: LHB Lee Hart 0-0: Ball
1-0: Called Strike
1-1: Foul Ball, location: 2F
1-2: Ball
2-2: Strikes out swinging
Batting: RHB Abraham Phelps 0-0: Ball
1-0: Foul Ball, location: 2F
1-1: Called Strike
1-2: Ball
2-2: Ground out 5-3 (Groundball, 5)
Batting: SHB Esteban Borsellino 0-0: Called Strike
0-1: Ball
1-1: Called Strike
1-2: Ground out 5-3 (Groundball, 56)
Bottom of the 6th over - 0 run(s), 0 hit(s), 0 error(s), 0 left on base; Syracuse 3 - Mt. Vernon 0
TOP OF THE 7TH
Syracuse Storm batting - Pitching for Mt. Vernon Bulls : LHP Stephen Marchbanks
Batting: RHB Vito Middendorf 0-0: Ball
1-0: Called Strike
1-1: Swinging Strike
1-2: Ball
2-2: SINGLE (Line Drive, 8RS)
Batting: LHB José Trejo 0-0: Ball
1-0: Called Strike
1-1: Hit by Pitch
Vito Middendorf to second
Batting: LHB Phil MacNamara 0-0: Called Strike
0-1: Swinging Strike
0-2: Fly out, F9 (Flyball, 9LS)
Batting: RHB Jerry Bowen 0-0: Called Strike
0-1: Ball
1-1: Ball
2-1: Ball
3-1: Fly out, F9 (Flyball, 9S)
Batting: RHB Eduardo Santos 0-0: Swinging Strike
0-1: Ball
1-1: Ball
2-1: Ball
3-1: Base on Balls
Vito Middendorf to third
José Trejo to second
Batting: LHB Ricardo Ríos 0-0: Ball
1-0: Called Strike
1-1: DOUBLE (Line Drive, 78M)
Vito Middendorf scores
José Trejo scores
Eduardo Santos to third
Runner from 3rd tries for Home, SAFE, no throw
Pitching: LHP Juan Fuentes
Batting: RHB Tyrell Wellick 0-0: Foul Ball, location: 2F
0-1: Ball
1-1: Swinging Strike
1-2: Strikes out swinging, 2-3 out at first.
Top of the 7th over - 3 run(s), 2 hit(s), 0 error(s), 1 left on base; Syracuse 6 - Mt. Vernon 0
BOTTOM OF THE 7TH
Mt. Vernon Bulls batting - Pitching for Syracuse Storm : RHP Morihiro Sai
Batting: SHB Marvin Fitton 0-0: Ball
1-0: Called Strike
1-1: Swinging Strike
1-2: Strikes out swinging
Batting: RHB Freddy Torres 0-0: Ball
1-0: Called Strike
1-1: Fly out, F9 (Flyball, 89S)
Batting: RHB Ken Gardner 0-0: Called Strike
0-1: SINGLE (Line Drive, 34D)
Batting: RHB António López 0-0: Called Strike
0-1: Ball
1-1: Ball
2-1: Swinging Strike
2-2: Strikes out swinging
Bottom of the 7th over - 0 run(s), 1 hit(s), 0 error(s), 1 left on base; Syracuse 6 - Mt. Vernon 0
TOP OF THE 8TH
Syracuse Storm batting - Pitching for Mt. Vernon Bulls : LHP Juan Fuentes
Batting: LHB William Duffy 0-0: Called Strike
0-1: Ground out 5-3 (Groundball, 56S)
Batting: RHB Phil Sherman 0-0: Called Strike
0-1: Swinging Strike
0-2: Fly out, F5 (Line Drive, 56)
Batting: RHB Vito Middendorf 0-0: Ball
1-0: Ball
2-0: Called Strike
2-1: SINGLE (Line Drive, 7LS)
Batting: LHB José Trejo 0-0: Ball
1-0: Ball
2-0: Foul Ball, location: 2F
2-1: Foul Ball, location: 2F
2-2: Foul Ball, location: 2F
2-2: Strikes out looking
Top of the 8th over - 0 run(s), 1 hit(s), 0 error(s), 1 left on base; Syracuse 6 - Mt. Vernon 0
BOTTOM OF THE 8TH
Mt. Vernon Bulls batting - Pitching for Syracuse Storm : RHP Morihiro Sai
Batting: RHB Beau Emery 0-0: Swinging Strike
0-1: Swinging Strike
0-2: Ball
1-2: Strikes out looking
Pitching: LHP Alfonso Dolton
Batting: RHB Noël Sassetti 0-0: Ball
1-0: Swinging Strike
1-1: Fly out, F7 (Line Drive, 7LM)
Batting: LHB Lee Hart 0-0: Called Strike
0-1: Foul Ball, location: 2F
0-2: Ground out 6-3 (Groundball, 6S)
Bottom of the 8th over - 0 run(s), 0 hit(s), 0 error(s), 0 left on base; Syracuse 6 - Mt. Vernon 0
TOP OF THE 9TH
Syracuse Storm batting - Pitching for Mt. Vernon Bulls : LHP Juan Fuentes
Batting: LHB Phil MacNamara 0-0: Ball
1-0: Called Strike
1-1: Swinging Strike
1-2: SOLO HOME RUN (Flyball, 9D), Distance : 389 ft
Batting: RHB Jerry Bowen 0-0: Foul Ball, location: 2F
0-1: Ball
1-1: Ball
2-1: Foul Ball, location: 2F
2-2: Foul Ball, location: 2F
2-2: Ball
3-2: Foul Ball, location: 2F
3-2: Foul Ball, location: 2F
3-2: Strikes out looking
Batting: RHB Eduardo Santos 0-0: Called Strike
0-1: Foul Ball, location: 2F
0-2: Ball
1-2: Foul Ball, location: 2F
1-2: Strikes out swinging
Batting: LHB Ricardo Ríos 0-0: Called Strike
0-1: Swinging Strike
0-2: Ball
1-2: Foul Ball, location: 2F
1-2: Ground out 4-3 (Groundball, 4)
Top of the 9th over - 1 run(s), 1 hit(s), 0 error(s), 0 left on base; Syracuse 7 - Mt. Vernon 0
BOTTOM OF THE 9TH
Mt. Vernon Bulls batting - Pitching for Syracuse Storm : LHP Alfonso Dolton
Batting: RHB Abraham Phelps 0-0: Called Strike
0-1: Ball
1-1: Ball
2-1: Called Strike
2-2: Foul Ball, location: 2F
2-2: Ball
3-2: Base on Balls
Batting: SHB Esteban Borsellino 0-0: Ball
1-0: Ground out 4-3 (Groundball, 4S)
Abraham Phelps to second
Batting: SHB Marvin Fitton 0-0: Ball
1-0: Called Strike
1-1: Ball
2-1: Foul Ball, location: 2F
2-2: Fly out, F8 (Flyball, 8RM)
Batting: RHB Freddy Torres 0-0: Ground out 6-3 (Groundball, 6)
Bottom of the 9th over - 0 run(s), 0 hit(s), 0 error(s), 1 left on base; Syracuse 7 - Mt. Vernon 0
Monday, March 20th, 2017 - OOTP Baseball 17.12 Build 75